 Dungeon Crawl Stone Soup version 0.20-a0-453-g91466d2 (webtiles) character file.

39 Kriby the Magician (level 3, -5/24 HPs)
             Began as a Mummy Fire Elementalist on Jan 8, 2017.
             Slain by Sigmund
             ... wielding a +0 scythe
              (7 damage)
             ... on level 2 of the Dungeon.
             The game lasted 00:03:07 (1993 turns).

Kriby the Magician (Mummy Fire Elementalist)        Turns: 1993, Time: 00:03:08

Health: -5/24      AC:  4    Str: 11    XL:     3   Next: 28%
Magic:  0/7        EV: 12    Int: 15    God:
Gold:   18         SH:  0    Dex: 12    Spells: 7/8 levels left

rFire  x . .     SeeInvis .     i - +0 dagger (freeze)
rCold  + . .     Gourm    .     a - +0 robe
rNeg   + + +     Faith    .     (no shield)
rPois  ∞         Spirit   .     f - +0 helmet
rElec  .         Reflect  .     (no cloak)
rCorr  .         Harm     .     g - +0 pair of gloves
MR     .....                    (no boots)
Stlth  ++........               (no amulet)
                                (no ring)
                                (no ring)

@: very slightly contaminated
A: no food or potions, fire vulnerability, cold resistance 1, negative energy
resistance 3, torment resistance, unbreathing
a: no special abilities


You were on level 2 of the Dungeon.
You were not hungry.

You visited 1 branch of the dungeon, and saw 2 of its levels.

You collected 18 gold pieces.

Inventory:

Hand Weapons
 i - a +0 dagger of freezing (weapon)
Armour
 a - a +0 robe (worn)
 f - a +0 helmet (worn)
 g - a +0 pair of gloves (worn)
Scrolls
 c - 4 scrolls of identify {unknown}
 d - a scroll of amnesia {unknown}
 e - a scroll of teleportation {unknown}
Books
 b - a book of Flames

   Spells                             Type                      Level
   a - Flame Tongue                   Conjuration/Fire             1
   b - Throw Flame                    Conjuration/Fire             2
   c - Conjure Flame                  Conjuration/Fire             3
   d - Inner Flame                    Hexes/Fire                   3
   e - Sticky Flame                   Conjuration/Fire             4
   f - Fireball                       Conjuration/Fire             5


   Skills:
 - Level 1.5 Dodging
 - Level 1.5 Stealth
 + Level 3.3 Spellcasting
 * Level 2.0 Conjurations
 + Level 2.6 Fire Magic


You had 7 spell levels left.
You knew the following spells:

 Your Spells              Type           Power        Failure   Level  Hunger
a - Flame Tongue          Conj/Fire      #....        10%         1    N/A

Dungeon Overview and Level Annotations

Branches:
Dungeon (2/15)

Altars:
Gozag
Ru

Annotations:
D:2 Sigmund


Innate Abilities, Weirdness & Mutations

You do not eat or drink.
Your flesh is vulnerable to fire.
You are immune to poison.
Your flesh is cold resistant. (rC+)
You are immune to negative energy. (rN+++)
You are immune to unholy pain and torment.
You can survive without breathing.


Message History

Aiming: Flame Tongue
Press: ? - help, Shift-Dir - straight line, f/p - Sigmund
Aim: Sigmund, wielding a scythe and wearing a robe (moderately wounded)
The flame tongue misses Sigmund.
Sigmund closely misses you.
Casting: Flame Tongue
Confirm with . or Enter, or press ? or * to list all spells.
Aiming: Flame Tongue
Press: ? - help, Shift-Dir - straight line, f/p - Sigmund
Aim: Sigmund, wielding a scythe and wearing a robe (moderately wounded)
The flame tongue hits Sigmund.
Sigmund is heavily wounded.
Sigmund screams, "Die, monster!"
Casting: Flame Tongue
Confirm with . or Enter, or press ? or * to list all spells.
Aiming: Flame Tongue
Press: ? - help, Shift-Dir - straight line, f/p - Sigmund
Aim: Sigmund, wielding a scythe and wearing a robe (heavily wounded)
The flame tongue misses Sigmund.
Sigmund hits you from afar with a scythe!
You die...

.......>... .. #.#
........... #.##.# #
#.####.##. #.##.#.#
#.##. #####.##.#. #....
......... #....
##.#..#.# # #....
#$$$#.#.#.#.########.##.
#$_$.@.@................
#$$$....###.########.###
###..#..# #.# ##.#.>#
#.# #.#####.##.###.
#######.###
#..............
...........
...####.##.####
#######.### ...####)##.#
#....# ...........#
#....#


You could see Sigmund.

Vanquished Creatures
  An adder (D:2)
  A dart slug (D:1)
  4 bats (D:1)
  A giant cockroach (D:1)
  3 goblins
  5 hobgoblins
  6 kobolds
  A ball python (D:1)
  A frilled lizard (D:1)
  5 rats (D:1)
28 creatures vanquished.

Notes
Turn   | Place    | Note
-------+----------+-------------------------------------------
     0 | D:1      | Kriby the Mummy Fire Elementalist began the quest for the Orb.
     0 | D:1      | Reached XP level 1. HP: 13/13 MP: 4/4
    76 | D:1      | Reached skill level 1 in Conjurations
   392 | D:1      | Reached skill level 3 in Spellcasting
   637 | D:1      | Reached XP level 2. HP: 19/19 MP: 1/6
  1618 | D:2      | Reached XP level 3. HP: 6/24 MP: 1/7
  1893 | D:2      | Found a sacrificial altar of Ru.
  1975 | D:2      | Found an opulent altar of Gozag.
  1976 | D:2      | Noticed Sigmund
  1987 | D:2      | HP: 1/24 [Sigmund/scythe (5)]
  1993 | D:2      | Slain by Sigmund

Vault maps used:
D:1:      nagdon_arrival_zigzag_paths
D:2:      nicolae_gozag_seed_capital, nicolae_ru_the_path_less_chosen,
          uniq_crazy_yiuf_cottage, uniq_sigmund, uniq_terence

Skill      XL: |  1  2 |
---------------+-------+-----
Conjurations   | 1 2 |  2.0
Spellcasting   | 3 |  3.3
Dodging        | |  1.5
Stealth        | |  1.5
Fire Magic     | |  2.6

Action                   || total
-------------------------++-------
Melee: Unarmed           ||    10
       Club              ||     5
       Dagger            ||    20
 Cast: Flame Tongue      ||    62
Armor: Robe              ||    19
Dodge: Dodged            ||    57
